 Dungeon Crawl Stone Soup version 0.27-a0-899-ge2d0b17 (webtiles) character file.

Game seed: 15373352042290149046

245 Nithhogg the Skirmisher (level 5, -6/40 (42) HPs)
             Began as a Demonspawn Fighter on Apr 5, 2021.
             Mangled by a gnoll
             ... wielding a +1 spear of venom
              (7 damage)
             ... on level 2 of the Dungeon.
             The game lasted 00:03:22 (3126 turns).

Nithhogg the Skirmisher (Demonspawn Fighter)        Turns: 3126, Time: 00:03:23

HP:   -6/40 (42)    AC: 11    Str: 17    XL:     5   Next: 84%
MP:   5/5           EV:  8    Int: 10    God:
Gold: 86            SH:  0    Dex: 12    Spells: 4/4 levels left

rFire    . . .     SeeInvis .   a - +0 long sword
rCold    . . .     Faith    .   (no shield)
rNeg     . . .     Spirit   .   i - +0 plate armour
rPois    .         Reflect  .   (no helmet)
rElec    .         Harm     .   (no cloak)
rCorr    .         Rampage  .   (no gloves)
Will     .....                  (no boots)
Stlth    ..........             (no amulet)
HPRegen  0.13/turn              (no ring)
MPRegen  0.09/turn              (no ring)

@: lethally poisoned (-6 -> -27), lightly drained
A: repulsion field 2
a: no special abilities


You were on level 2 of the Dungeon.
You visited 1 branch of the dungeon, and saw 3 of its levels.

You collected 86 gold pieces.

Inventory:

Hand Weapons
 a - a +0 long sword (weapon)
Missiles
 l - 2 throwing nets (quivered)
Armour
 b - a +0 scale mail
 c - a +0 kite shield
 i - a +0 plate armour (worn)
Scrolls
 e - 2 scrolls of teleportation {unknown}
 k - a scroll of identify {unknown}
Potions
 f - a potion of attraction {unknown}
 g - a potion of invisibility {unknown}
 h - a potion of haste {unknown}
 j - a potion of heal wounds {unknown}
 m - a potion of ambrosia {unknown}


   Skills:
 + Level 3.9 Fighting
 * Level 3.8 Long Blades
 + Level 3.5 Armour
 + Level 2.1 Dodging
 - Level 2.6 Shields


You had 4 spell levels left.
You didn't know any spells.
Your spell library contained the following spells:

 Spells                   Type           Power      Damage    Failure   Level
 Animate Skeleton         Necr           0%         N/A       100%        1
 Apportation              Tloc           0%         N/A       100%        1
 Corona                   Hex            0%         N/A       100%        1
 Summon Small Mammal      Summ           0%         N/A       100%        1


Dungeon Overview and Level Annotations

Branches:
Dungeon (3/15)

Altars:


Innate Abilities, Weirdness & Mutations

You are surrounded by a moderate repulsion field. (EV +3)


Message History

There is a stone staircase leading up, spattered with blood here.
The gnoll hits you but does no damage. The gnoll barely misses you.
You climb upwards.
There is a stone staircase leading down here.
The gnoll hits you from afar with a +1 spear of venom.
The gnoll hits you from afar with a +0 spear.
The gnoll closely misses you.
The gnoll hits you from afar with a +1 spear of venom.
You are poisoned.
You feel sick.
You feel sick.
The gnoll hits you with a +1 spear of venom.
You hit the gnoll but do no damage.
You feel sick. The gnoll hits you but does no damage.
The gnoll barely misses you.
The gnoll hits you from afar with a +0 spear.
You barely miss the gnoll.
You feel sick.
The gnoll hits you with a +1 spear of venom.
You are more poisoned.
The gnoll closely misses you. The gnoll completely misses you.
You riposte.
You slash the gnoll!
The gnoll is heavily wounded.
You hit the gnoll.
The gnoll is severely wounded.
You feel very sick. The gnoll hits you but does no damage.
The gnoll hits you with a +1 spear of venom.
* * * LOW HITPOINT WARNING * * *
You are lethally poisoned!
You barely miss the gnoll.
The gnoll is severely wounded.
* * * LOW HITPOINT WARNING * * *
You feel very sick. The gnoll hits you but does no damage.
The gnoll hits you with a +1 spear of venom.
* * * LOW HITPOINT WARNING * * *
You are more poisoned.
* * * LOW HITPOINT WARNING * * *
You feel very sick.
The gnoll hits you from afar with a +1 spear of venom!
You die...

# ### ..## ...## ....###
###### ######
##....###....#######....##
##..........gg.@....#...#
##.........#########...#
###....>..# #...##
#########†÷..# ##...#
#............# #...##
....)........# ##...#
.............# #...##
#''#.#.####### ##...##
#..#...##### ##...##


You could see 2 gnolls.

Vanquished Creatures
  An ice beast (D:2)
  A gnoll shaman (D:2)
  3 gnolls
  4 adders
  A worm (D:2)
  A dart slug (D:2)
  An orc (D:2)
  5 endoplasms
  A giant cockroach (D:2)
  5 goblins
  5 hobgoblins
  2 jackals (D:2)
  3 quokkas (D:2)
  6 ball pythons (D:2)
  5 bats (D:1)
  4 frilled lizards
  3 kobolds (D:1)
  6 rats
57 creatures vanquished.

Notes
Turn   | Place    | Note
-------+----------+-------------------------------------------
     0 | D:1      | Nithhogg the Demonspawn Fighter began the quest for the
                  | Orb.
     0 | D:1      | Reached XP level 1. HP: 18/18 MP: 1/1
   115 | D:1      | Found a faded altar of an unknown god.
   682 | D:1      | Gained mutation: You are surrounded by a mild repulsion
                  | field. (EV +2) [demonic ancestry]
   682 | D:1      | Reached XP level 2. HP: 24/24 MP: 2/2
  1358 | D:1      | Gained mutation: You are surrounded by a moderate repulsion
                  | field. (EV +3) [demonic ancestry]
  1358 | D:1      | Reached XP level 3. HP: 11/29 MP: 3/3
  1555 | D:1      | Reached skill level 1 in Dodging
  1993 | D:2      | Reached XP level 4. HP: 32/35 MP: 4/4
  2479 | D:2      | Noticed an ice beast
  2488 | D:2      | Killed an ice beast
  2489 | D:2      | Reached XP level 5. HP: 23/42 MP: 5/5
  3126 | D:2      | HP: 1/40 [poisoned by a gnoll]
  3126 | D:2      | Mangled by a gnoll

Illustrated notes

Levels and vault maps discovered:
D:1:      dpeg_arrival_rhombus, layout_loops_corners, basic_ecumenical_altar,
          minmay_crystal_water, minmay_quantized
D:2:      layout_rooms, serial_curves, eino_curves_04, eino_curves_01,
          eino_curves_04, eino_curves_02, minmay_mini_jars
D:3:      layout_rooms, marbit_many_paths

Skill      XL: |  1  2  3  4  5 |
---------------+----------------+-----
Long Blades    | 2 3 |  3.8
Armour         | 3 |  3.5
Dodging        | 1 2 |  2.1
Fighting       | |  3.9
Shields        | |  2.6

Action                   |  1- 3 |  4- 6 || total
-------------------------+-------+-------++-------
Melee: Long sword        |   116 |    77 ||   193
  Use: Potion            |       |     1 ||     1
Armor: Scale mail        |     8 |       ||     8
       Plate armour      |    89 |    70 ||   159
Dodge: Dodged            |    59 |    38 ||    97
       Rpst.: Long sword |    16 |    14 ||    30

Table legend: (Time is in decaauts)
 A = Elapsed time spent in this place.
 B = Non-inter-level travel time spent in this place.
 C = Inter-level travel time spent in this place.
 D = Time resting spent in this place.
 E = Time spent auto-exploring this place.
 F = Levels seen in this place.
 G = Mean time per level.
                   A        B        C        D        E       F      G
               +--------+--------+--------+--------+--------+-----+--------+
         Total |   3188 |   3137 |     51 |    687 |   1975 |   3 | 1062.7 |
       Dungeon |   3188 |   3137 |     51 |    687 |   1975 |   3 | 1062.7 |
               +--------+--------+--------+--------+--------+-----+--------+

Top non-repeatable levels by time:
     D:1: 1783 daAuts
     D:2: 1374 daAuts
     D:3: 30 daAuts
